AoeStats
← old f1sh

Arena

509368891Analyzed
4v4 RM · 5d ago on Sep 26, 2026· 45m 48s· 8 players
Game mode
Random Map
Map size
Large (8 player)
Population
200
Speed
Normal
Resources
Standard
Victory
Conquest
Starting age
Dark Age
Ending age
Imperial Age
RankedLock teamsTeams togetherTeam positionsShared explorationLock speedFull tech treeHidden civsTurbo modeCheats
Victory
Defeat
🇫🇷 Poles · France
1462
+16
🇨🇳 Berbers · China
1448
+17
🇹🇼 Persians · Taiwan
1436
+17
🇪🇸 Bohemians · Spain
1430
+17
🇨🇳 Saracens · China
1551
-21
🇨🇳 Varangians · China
1453
-16
🇦🇷 Britons · Argentina
1420
-15
1415
-15
JOK3R_LSR
11:00 Feudal Age
12:20 Double-Bit Axe
15:06 Castle Age
13:34 Horse Collar
16:10 Bow Saw
18:02 Stone Mining
18:56 Heavy Plow
21:16 Wheelbarrow
26:57 Imperial Age
24:35 Scale Barding Armor
25:12 Hand Cart
25:09 Loom
25:41 Scale Barding Armor
25:44 Szlachta Privileges
26:30 Scale Barding Armor
26:36 Forging
26:36 Scale Barding Armor
26:43 Bloodlines
26:34 Husbandry
27:00 Cavalier
28:39 Chain Barding Armor
29:42 Iron Casting
30:06 Conscription
32:28 Blast Furnace
31:53 Lechitic Legacy
33:43 Stone Shaft Mining
32:58 Gold Mining
33:20 Scale Mail Armor
34:17 Chain Mail Armor
33:54 Town Watch
38:12 Crop Rotation
45:49 Fletching
ss839059
10:32 Feudal Age
11:37 Double-Bit Axe
14:19 Castle Age
12:45 Horse Collar
24:43 Wheelbarrow
24:40 Bow Saw
28:24 Imperial Age
25:40 Loom
26:44 Hand Cart
26:24 Gold Mining
26:58 Bloodlines
26:54 Scale Barding Armor
27:45 Husbandry
28:13 Chain Barding Armor
28:09 Forging
28:09 Cavalier
28:20 Cavalier
29:03 Town Watch
30:21 Two-Man Saw
30:53 Plate Barding Armor
30:19 Heavy Plow
30:56 Gold Shaft Mining
30:09 Savar
33:03 Iron Casting
36:06 Blast Furnace
苏东坡的粉丝
11:06 Feudal Age
16:13 Castle Age
14:47 Double-Bit Axe
14:46 Horse Collar
15:51 Gold Mining
15:55 Stone Mining
17:57 Bow Saw
23:34 Wheelbarrow
23:17 Fletching
25:03 Hand Cart
25:24 Loom
29:21 Imperial Age
27:32 Gold Shaft Mining
27:18 Padded Archer Armor
28:15 Stone Shaft Mining
28:18 Bodkin Arrow
28:31 Heavy Plow
28:53 Kasbah
29:17 Thumb Ring
30:30 Conscription
30:12 Bracer
29:50 Elite Skirmisher
31:29 Squires
31:58 Guilds
33:20 Chemistry
33:19 Ballistics
34:18 Leather Archer Armor
36:18 Ring Archer Armor
37:37 Masonry
38:04 Hoardings
38:11 Crop Rotation
37:28 Onager
39:59 Guard Tower
40:22 Forging
40:18 Scale Barding Armor
[KBRA] Carrascorno
10:14 Feudal Age
14:53 Castle Age
13:20 Horse Collar
14:06 Double-Bit Axe
15:47 Bow Saw
16:15 Heavy Plow
16:14 Loom
28:07 Imperial Age
27:50 Chemistry
29:11 Conscription
29:03 Padded Archer Armor
30:30 Houfnice
32:43 Siege Engineers
34:08 Leather Archer Armor
34:52 Wheelbarrow
35:36 Wagenburg Tactics
40:35 Ring Archer Armor
40:22 Hand Cart
40:09 Heavy Scorpion
41:11 Squires
40:32 Pikeman
41:14 Scale Mail Armor
41:25 Forging
42:13 Chain Mail Armor
42:18 Halberdier
43:34 Iron Casting
44:13 Plate Mail Armor
46:32 Blast Furnace
45:19 Arson
PocaChota
11:00 Feudal Age
14:49 Castle Age
13:01 Double-Bit Axe
13:48 Horse Collar
15:41 Bow Saw
16:06 Heavy Plow
19:35 Wheelbarrow
24:45 Hand Cart
24:20 Loom
24:32 Gold Mining
24:33 Stone Mining
28:11 Imperial Age
25:44 Fletching
26:32 Ballistics
26:39 Fortified Wall
26:56 Bodkin Arrow
27:09 Loom
27:25 Padded Archer Armor
28:05 Gold Shaft Mining
28:30 Yeomen
28:16 Treadmill Crane
28:55 Bracer
30:06 Two-Man Saw
29:42 Conscription
29:47 Elite Longbowman
31:52 Chemistry
31:06 Forging
30:56 Pikeman
31:37 Squires
31:23 Gambesons
31:25 Arson
32:39 Iron Casting
31:52 Halberdier
33:19 Hoardings
33:10 Masonry
33:36 Scale Mail Armor
33:23 Onager
35:49 Blast Furnace
36:14 Chain Mail Armor
37:24 Warwolf
38:26 Plate Mail Armor
41:04 Leather Archer Armor
42:34 Architecture
42:10 Siege Engineers
43:11 Ring Archer Armor
あおぞら ひかり
11:02 Feudal Age
13:14 Double-Bit Axe
15:30 Castle Age
13:37 Horse Collar
16:48 Bow Saw
19:10 Loom
19:11 Town Watch
19:41 Fletching
23:40 Wheelbarrow
23:35 Bodkin Arrow
26:00 Ballistics
25:47 Gold Mining
30:49 Imperial Age
29:09 Bloodlines
31:22 Padded Archer Armor
30:52 Elite Mangudai
31:56 Conscription
32:41 Chemistry
32:05 Bracer
32:10 Husbandry
33:11 Leather Archer Armor
33:22 Parthian Tactics
32:19 Light Cavalry
33:37 Thumb Ring
33:38 Scale Barding Armor
34:21 Forging
35:25 Chain Barding Armor
34:27 Hussar
37:47 Iron Casting
37:39 Capped Ram
39:10 Drill
38:44 Siege Ram
41:46 Blast Furnace
old f1sh
9:48 Feudal Age
10:19 Gold Mining
11:21 Double-Bit Axe
15:51 Castle Age
13:52 Horse Collar
16:56 Bow Saw
16:50 Heavy Plow
17:45 Gold Shaft Mining
22:16 Wheelbarrow
22:51 Loom
24:34 Hand Cart
24:21 Stone Mining
30:02 Imperial Age
27:44 Scale Mail Armor
27:54 Forging
30:18 Chain Mail Armor
30:09 Scale Barding Armor
30:39 Iron Casting
30:56 Chain Mail Armor
31:02 Husbandry
31:13 Bloodlines
31:31 Conscription
30:37 Elite Mameluke
32:36 Chain Barding Armor
33:16 Blast Furnace
34:47 Plate Barding Armor
36:52 Hoardings
37:58 Chemistry
涅槃重生
10:08 Feudal Age
14:41 Castle Age
13:03 Double-Bit Axe
13:39 Stone Mining
13:53 Loom
13:58 Horse Collar
15:47 Bow Saw
20:59 Fletching
23:50 Scale Barding Armor
25:11 Forging
26:10 Chain Barding Armor
27:55 Bloodlines
28:56 Forging
34:05 Imperial Age
32:41 Wheelbarrow
32:39 Fortified Wall
33:03 Husbandry
33:48 Heavy Plow
33:43 Gold Mining
36:25 Scale Mail Armor
37:00 Iron Casting
Connection lost

Rejoining the realm…

Still unreachable

The connection could not be restored.

Session expired

The server has moved on; the page needs a fresh start.